 Dungeon Crawl Stone Soup version 0.32-a0-913-g739538afd8 (webtiles) character file.

Game seed: 10064065776897686261

9634 decrepitude the Mimic (level 11, -4/81 HPs)
             Began as an Octopode Shapeshifter on Apr 8, 2024.
             Was a Priest of Ru.
             Succumbed to a meliai's poison
             ... on level 8 of the Dungeon.
             The game lasted 00:18:45 (10448 turns).

decrepitude the Mimic (Octopode Shapeshifter)      Turns: 10448, Time: 00:18:46

Health: -4/81      AC:  5    Str: 17    XL:     11   Next: 49%
Magic:  11/11      EV: 12    Int: 13    God:    Ru [***...]
Gold:   101        SH:  0    Dex: 12    Spells: 10/10 levels left

rFire   . .          .
                       - Unarmed
rCold   + . .        (shield currently unavailable)
rNeg    . . .        (helmet restricted)
rPois   .            r - amulet of faith
rElec   .            i - ring of protection from cold
rCorr   .            x - +4 ring of protection
SInv    .            E - ring of wizardry
Will    .....        (no ring)
Stlth   ++           (no ring)
HPRegen 0.33/turn    (no ring)
MPRegen 0.12/turn    (no ring)
                     (no ring)

%: faith, wizardry (x1)
@: lethally poisoned (-4 -> -21), blade tentacles, studying Shapeshifting
A: almost no armour, amphibious, 8 rings, camouflage 1, gelatinous body 1,
inability to drink after injury 2, weak-willed 1, (nimble swimmer 1), tentacles
a: Begin Untransformation, Renounce Religion, Draw Out Power


You were on level 8 of the Dungeon.
You worshipped Ru.
Ru was most pleased with you.
You had blades for main tentacles.
You visited 1 branch of the dungeon, and saw 9 of its levels.
You also visited: Bailey.

You collected 453 gold pieces.
You spent 352 gold pieces at shops.

Inventory:

Missiles
 I - a throwing net (quivered)
Jewellery
 i - a ring of protection from cold (left blade tentacle)
 r - an amulet of faith (around mantle)
 x - a +4 ring of protection (right blade tentacle)
 E - a ring of wizardry (on tentacle)
Talismans
 b - a beast talisman
 c - a flux talisman
 g - a blade talisman (active)
Wands
 l - a wand of polymorph (8)
 t - a wand of warping (22)
 v - a wand of charming (14)
 w - a wand of light (18)
 A - a wand of flame (7)
Scrolls
 d - a scroll of enchant weapon {unknown}
 e - 3 scrolls of vulnerability {unknown}
 j - 2 scrolls of fog {unknown}
 k - a scroll of brand weapon {unknown}
 m - a scroll of immolation {unknown}
 o - 2 scrolls of blinking
 s - a scroll of poison {unknown}
 u - 4 scrolls of fear
 y - 2 scrolls of enchant armour {unknown}
 B - 2 scrolls of teleportation
 C - a scroll of amnesia {unknown}
 D - a scroll of revelation
Potions
 a - a potion of lignification
 f - 2 potions of brilliance
 h - a potion of curing
 n - a potion of resistance
 p - 2 potions of haste
 q - 4 potions of invisibility
 z - 5 potions of might
 F - a potion of ambrosia {unknown}
 H - a potion of magic


   Skills:
 + Level 10.2 Fighting
 + Level 3.1 Dodging
 + Level 10.2 Unarmed Combat
 + Level 11.7 Shapeshifting


You had 10 spell levels left.
You didn't know any spells.
Your spell library contained the following spells:

 Spells                   Type           Power      Damage    Failure   Level
 Kiss of Death            Conj/Necr      0%         2d5       12%         1
 Jinxbite                 Hex            0%         N/A       19%         2
 Confusing Touch          Hex            0%         N/A       34%         3
 Frozen Ramparts          Ice            0%         1d1       34%         3
 Ozocubu's Armour         Ice            0%         N/A       34%         3
 Cause Fear               Hex            0%         N/A       73%         4
 Dispel Undead            Necr           0%         3d6       73%         4
 Fireball                 Conj/Fire      0%         3d3       96%         5
 Metabolic Englaciation   Hex/Ice        0%         N/A       96%         5
 Yara's Violent Unravell  Hex/Alch       0%         3d3       96%         5
 Enfeeble                 Hex            0%         N/A       100%        7
 Dragon's Call            Summ           0%         N/A       100%        9


Dungeon Overview and Level Annotations

Branches:
Dungeon (9/15) Zot: 25618  Temple (0/1) D:6            Lair (0/5) D:9
    Orc (0/2) D:9          Bailey (visited)

Altars:
Ashenzari
Elyvilon
Ru
Sif Muna
Yredelemnul
Zin

Shops:
D:1 *   D:2 (   D:5 [(**[   D:6 !   D:7 ?   D:8 *=

Annotations:
D:3 3 runed translucent doors, Domino's ghost, amateur MDFi; NotYourErnst's ghost, amateur GrGl
D:4 3 runed translucent doors, Storm's ghost, amateur MiFi


Innate Abilities, Weirdness & Mutations

You have blades for main tentacles.
You are incapable of wielding weapons or throwing items.
You cannot wear most types of armour.
You are amphibious.
You can wear up to eight rings at the same time.
Your skin changes colour to match your surroundings (Stealth+).
Your rubbery body absorbs attacks. (AC +1, EV +1)
You sometimes lose the ability to drink potions when taking damage.
You are slightly weak-willed. (Will-)
((You are camouflaged when in or above water. (Stealth+)))
You have tentacles for arms and can constrict up to eight enemies at once.


Message History

* * * LOW HITPOINT WARNING * * *
You focus your inner power and illuminate the meliai in retribution!
A hornet comes into view.
You take 13 damage, and have 53/81 hp.
The hornet buzzes angrily.
You slice the meliai!!
You kill the meliai!
The meliai begins to pray, but is stunned by your conviction!
Unknown command.
There is an open door here.
The meliai mumbles some strange prayers to its god against you.
Something smites you!
* * * LOW HITPOINT WARNING * * *
The meliai mumbles some strange prayers to its god against you.
Something smites you!
* * * LOW HITPOINT WARNING * * *
You take 24 damage, and have 30/81 hp.
NOW THAT'S A LOTTA DAMAGE!!
The meliai attacks as it pursues you! The meliai misses you.
The meliai stings you but does no damage.
The meliai closely misses you. x2
The meliai hits you with a +2 short sword of flaming!
* * * LOW HITPOINT WARNING * * *
The meliai burns you.
* * * LOW HITPOINT WARNING * * *
The meliai stings you.
* * * LOW HITPOINT WARNING * * *
You are lethally poisoned!
The meliai poisons you!
There is an escape hatch in the ceiling here.
You take 19 damage, and have 12/81 hp.
NOW THAT'S A LOTTA DAMAGE!!
Unknown command.
* * * LOW HITPOINT WARNING * * *
You feel very sick. The meliai misses you.
The meliai stings you but does no damage.
The meliai misses you. The meliai stings you.
* * * LOW HITPOINT WARNING * * *
A mysterious force pulls you upwards. The hatch slams shut behind you.
You die...
Ru respects your ultimate sacrifice.

#...##.....#..##.
#....รท...###..##.
###.###..###.....
####.###.....<####
#............## ##
######.##.#.......# #.
#.........#.......####.
#.####.[###.........##.
#.##..@.###.......#....
#.##.#.y..........#....
#.......###.......#....
####.#### #########....
#.# #.... ###.### #.###
#.....# ####.###
#.....# #......#
#.....#########.##.#.#


You could see a meliai.

Vanquished Creatures
  2 two-headed ogres (D:9)
  Amaemon (D:8)
  An orc knight (Bailey)
  2 meliai
  Joseph (D:7)
  An orange demon (D:8)
  A komodo dragon (D:9)
  Grinder (D:3)
  4 yaks (D:8)
  A steam dragon (D:8)
  An acid dragon (D:8)
  2 water moccasins
  A swamp drake (D:9)
  2 black bears
  13 orc warriors
  An ice beast (D:6)
  3 sky beasts
  A hornet zombie (D:8)
  A centaur (D:5)
  A phantom (D:4)
  5 kobold brigands
  6 bullfrogs
  A scorpion (D:9)
  10 wights
  A killer bee (D:9)
  A howler monkey (D:8)
  2 centaur zombies (D:8)
  2 bombardier beetles (D:5)
  3 hounds
  2 jellies
  8 orc priests
  5 iguanas
  Ijyb (D:5)
  2 sleepcaps (D:5)
  9 orc wizards
  4 gnolls
  6 adders
  2 shadow imps
  6 ufetubi
  A ribbon worm (D:4)
  2 dart slugs
  67 orcs
  5 bats
  9 endoplasms
  2 giant cockroaches
  9 goblins
  4 hobgoblins
  27 kobolds
  4 quokkas
  7 ball pythons
  2 frilled lizards
  7 rats
263 creatures vanquished.

Vanquished Creatures (others)
  A butterfly (D:6)
1 creature vanquished.

Grand Total: 264 creatures vanquished

Notes
Turn   | Place    | Note
-------+----------+-------------------------------------------
     0 | D:1      | decrepitude the Octopode Shapeshifter began the quest for
                  | the Orb.
     0 | D:1      | Reached XP level 1. HP: 13/13 MP: 1/1
   100 | D:1      | Reached XP level 2. HP: 18/18 MP: 2/2
   237 | D:1      | Found Addithy's Assorted Antiques.
   391 | D:1      | Reached XP level 3. HP: 24/24 MP: 3/3
   635 | D:1      | Found a faded altar of an unknown god.
   917 | D:2      | Found Lafyfemui's Weapon Emporium.
  1082 | D:2      | Reached XP level 4. HP: 24/30 MP: 4/4
  1379 | D:3      | Found a glowing silver altar of Zin.
  1380 | D:3      | Noticed an angel
  1496 | D:3      | Found a runed translucent gate.
  1497 | D:3      | Found a runed translucent gate.
  1514 | D:3      | Reached XP level 5. HP: 37/37 MP: 5/5
  1905 | D:3      | Found a runed translucent gate.
  1906 | D:3      | Noticed NotYourErnst's ghost (amateur GrGl)
  1907 | D:3      | Noticed Domino's ghost (amateur MDFi)
  1940 | D:3      | Noticed Grinder
  1956 | D:3      | Killed Grinder
  1957 | D:3      | Reached XP level 6. HP: 11/44 MP: 6/6
  2342 | D:4      | Found a runed translucent gate.
  2343 | D:4      | Found a runed translucent gate.
  2352 | D:4      | Reached skill level 5 in Fighting
  2352 | D:4      | Reached skill level 5 in Unarmed Combat
  2352 | D:4      | Reached skill level 4 in Shapeshifting
  2352 | D:4      | Reached XP level 7. HP: 33/50 MP: 7/7
  2417 | D:4      | Found a runed translucent gate.
  2424 | D:4      | Found a basalt altar of Yredelemnul.
  2726 | D:4      | Noticed Storm's ghost (amateur MiFi)
  2792 | D:5      | Entered Level 5 of the Dungeon
  2792 | D:5      | Found Wahuri Catao's Weapon Emporium.
  2909 | D:5      | Noticed Ijyb
  2918 | D:5      | Killed Ijyb
  2976 | D:5      | Found Xiediebam's General Store.
  2983 | D:5      | Bought a scroll of blinking for 90 gold pieces
  2983 | D:5      | Bought a scroll of noise for 12 gold pieces
  2983 | D:5      | Bought a potion of curing for 36 gold pieces
  2985 | D:5      | Found Mourerch's Antique Armour Shop.
  3100 | D:5      | Found a sacrificial altar of Ru.
  3316 | D:5      | Reached XP level 8. HP: 46/57 MP: 8/8
  3394 | D:5      | Found Vahop's General Store.
  3455 | D:5      | Bought a scroll of identify for 26 gold pieces
  3455 | D:5      | Bought a potion of might for 52 gold pieces
  3514 | D:5      | Reached skill level 5 in Shapeshifting
  3582 | D:5      | Found Agidghefa's Antique Armour Shop.
  3822 | D:5      | Found a shimmering blue altar of Sif Muna.
  4152 | D:5      | Became a worshipper of Ru the Awakened
  4188 | D:5      | Reached skill level 6 in Shapeshifting
  4521 | D:6      | Found Suankol's Distillery.
  5058 | D:6      | Found a white marble altar of Elyvilon.
  5075 | D:6      | Found a staircase to the Ecumenical Temple.
  5111 | D:6      | Reached skill level 7 in Shapeshifting
  5216 | D:6      | Found a broken altar of Ashenzari.
  5320 | D:6      | Reached XP level 9. HP: 63/63 MP: 9/9
  6199 | D:7      | Identified the +4 flail of Dooxiud {flame, rF- rCorr Int+3
                  | Dex+7}
  6204 | D:7      | Gained mutation: You occasionally lose the ability to drink
                  | potions when taking damage. [Ru sacrifice]
  6204 | D:7      | Gained mutation: You sometimes lose the ability to drink
                  | potions when taking damage. [Ru sacrifice]
  6204 | D:7      | Reached * piety under Ru
  6290 | D:7      | Found a flagged portal.
  6327 | Bailey   | Entered a bailey
  6603 | Bailey   | Reached skill level 8 in Shapeshifting
  6766 | Bailey   | Noticed an orc knight
  6980 | Bailey   | Killed an orc knight
  6981 | Bailey   | Reached XP level 10. HP: 64/72 MP: 10/10
  7020 | Bailey   | Acquired a manual of Shapeshifting
  7046 | D:7      | Found Faasonyisk's Magic Scroll Shop.
  7053 | D:7      | Bought a scroll of teleportation for 39 gold pieces
  7053 | D:7      | Bought a scroll of revelation for 97 gold pieces
  7146 | D:7      | Noticed Joseph
  7168 | D:7      | Killed Joseph
  7169 | D:7      | Reached skill level 9 in Shapeshifting
  7576 | D:8      | Noticed Amaemon
  7578 | D:8      | Noticed an orange demon
  7587 | D:8      | Killed Amaemon
  7768 | D:8      | Killed an orange demon
  7926 | D:8      | Found Celext's Demolitions Depot.
  8012 | D:8      | Reached skill level 10 in Shapeshifting
  8743 | D:8      | Reached XP level 11. HP: 80/80 MP: 11/11
  8907 | D:8      | Found Cinuriuv's Jewellery Boutique.
  9051 | D:8      | Gained mutation: You are slightly weak-willed. (Will-) [Ru
                  | sacrifice]
  9051 | D:8      | Reached ** piety under Ru
  9051 | D:8      | Reached *** piety under Ru
  9150 | D:9      | Noticed a two-headed ogre
  9257 | D:9      | Noticed a two-headed ogre
  9266 | D:9      | Killed a two-headed ogre
  9267 | D:9      | Reached skill level 11 in Shapeshifting
  9580 | D:9      | Killed a two-headed ogre
  9581 | D:9      | Reached skill level 10 in Fighting
  9581 | D:9      | Reached skill level 10 in Unarmed Combat
  9660 | D:9      | Found a staircase to the Orcish Mines.
  9825 | D:9      | Found a staircase to the Lair.
 10447 | D:9      | HP: 2/81 [meliai/+2 short sword of flaming (6)]
 10448 | D:8      | Succumbed to a meliai's poison

Illustrated notes

Levels and vault maps discovered:
D:1:      lightli_arrival_farm, layout_loops_ring,
          chequers_ecumenical_altar_simple_redux, serial_shops, shop
D:2:      layout_rooms, serial_shops, shop
D:3:      layout_basic, zin_angel, gammafunk_ghost_cemetery,
          nicolae_kite_square_tiling_tiny, uniq_grinder
D:4:      layout_cave_pools, mainiacjoe_overflow_chevrons,
          ebering_ghost_rock_garden
D:5:      layout_rooms, lemuel_blue_sif_altar, hangedman_ru_absence,
          serial_library, serial_library_regret_index_split_case,
          serial_library_hellmonk_h_bend,
          serial_library_hellmonk_double_dead_end,
          serial_library_hellmonk_small_corner,
          serial_library_hellmonk_open_cross,
          serial_library_hellmonk_small_corner, serial_library_hellmonk_room_b,
          serial_library_hellmonk_hallway_b, serial_library_hellmonk_room_c,
          serial_shops, shop, shop, nicolae_shop_advertising_works
          [nicolae_subvault_shop_adworks], shop, shop, grunt_ministairs_5,
          uniq_ijyb
D:6:      layout_layer_cave, nicolae_overflow_hidden_temple,
          nicolae_elyvilon_peaceful_grove, minmay_temple_entry_trees,
          serial_shops, nicolae_diamond_shop, nicolae_tricolors
D:7:      layout_basic, serial_shops, shop, enter_bailey_4, uniq_joseph
D:8:      layout_loops_cross, serial_undead, serial_undead_b, serial_undead_b,
          serial_undead_a, serial_undead_a, serial_shops, nicolae_shop_crystal,
          nicolae_wwwww, nicolae_blasting_shop, uniq_amaemon
D:9:      layout_stronghold, due_lair_maze_entry_diamond, erik_orc_1

Skill      XL: |  1  2  3  4  5  6  7  8  9 10 11 |
---------------+----------------------------------+-----
Fighting       | 2 3 4 5 6 8 9 10 | 10.2
Unarmed Combat | 4 5 6 8 9 10 | 10.2
Shapeshifting  | 4 7 8 10 11 | 11.7
Dodging        | 3 |  3.1

Action                     |  1- 3 |  4- 6 |  7- 9 | 10-12 || total
---------------------------+-------+-------+-------+-------++-------
  Melee: Unarmed           |    60 |    47 |   274 |   223 ||   604
         Tentacles         |    14 |    14 |    88 |    57 ||   173
         Constrict         |    14 |    11 |    86 |    49 ||   160
         Punch             |     1 |     1 |     6 |     7 ||    15
  Throw: Dart              |       |       |     1 |       ||     1
 Invoke: Sacrifice Drink   |       |       |     1 |       ||     1
         Sacrifice Essence |       |       |       |     1 ||     1
  Evoke: Wand              |       |       |     3 |       ||     3
    Use: Scroll            |       |     3 |     8 |     2 ||    13
         Potion            |       |       |     1 |     1 ||     2
   Stab: Sleeping          |     8 |     5 |     4 |       ||    17
         Invisible         |       |       |     1 |       ||     1
         Distracted        |       |       |       |     1 ||     1
 Armour: Skin              |    24 |    18 |   165 |   145 ||   352
  Dodge: Dodged            |    25 |    12 |   239 |   178 ||   454
   Form: Flux              |       |       |     2 |       ||     2
         Beast             |       |       |     1 |       ||     1
         Blade             |       |       |       |     1 ||     1

Table legend: (Time is in decaauts)
 A = Elapsed time spent in this place.
 B = Non-inter-level travel time spent in this place.
 C = Inter-level travel time spent in this place.
 D = Time resting spent in this place.
 E = Time spent auto-exploring this place.
 F = Levels seen in this place.
 G = Mean time per level.
                   A        B        C        D        E       F      G
               +--------+--------+--------+--------+--------+-----+--------+
         Total |  10392 |   9964 |    428 |   1354 |   6640 |  10 | 1039.2 |
       Dungeon |   9699 |   9271 |    428 |   1217 |   6293 |   9 | 1077.7 |
        Bailey |    692 |    692 |      0 |    137 |    347 |   1 |  692.0 |
               +--------+--------+--------+--------+--------+-----+--------+

Top non-repeatable levels by time:
     D:5: 2159 daAuts
     D:8: 1496 daAuts
     D:6: 1174 daAuts
     D:9: 1091 daAuts
     D:7: 969 daAuts
     D:3: 905 daAuts
     D:1: 885 daAuts
  Bailey: 692 daAuts
     D:4: 595 daAuts
     D:2: 421 daAuts
